 Dungeon Crawl Stone Soup version 0.18-a0-1350-g404b4cb (webtiles) character file.

51463 Duffy the Severer (level 14, -13/128 (129) HPs)
             Began as a Hill Orc Fighter on Feb 18, 2016.
             Was the Champion of Cheibriados.
             Mangled by a dire elephant zombie (22 damage)
             ... on level 4 of the Abyss.
             The game lasted 00:24:29 (19225 turns).

Duffy the Severer (Hill Orc Fighter)               Turns: 19225, Time: 00:24:29

HP:   -13/128 (129) AC: 20    Str: 42    XL:     14   Next: 59%
MP:   20/20         EV: 17    Int: 23    God:    Cheibriados [******]
Gold: 1296          SH:  0    Dex: 25    Spells: 1 memorised, 8 levels left

rFire  . . .     SeeInvis .     O - +2 battleaxe (freeze)
rCold  . . .     Gourm    .     S - +0 plate armour
rNeg   . . .     Faith    .     (shield currently unavailable)
rPois  .         Spirit   .     o - +0 helmet
rElec  .         Dismiss  .     t - +1 cloak
rCorr  +         Reflect  .     T - +0 pair of gloves
SustAt .         Harm     .     (no boots)
MR     +....                    W - amulet of regeneration
Stlth  ..........               Q - ring of resist corrosion
                                U - +3 ring of strength

@: non-regenerating, diseased, very slow, somewhat resistant to hostile
enchantments, extremely unstealthy
A: no striking features
a: Bend Time, Temporal Distortion, Slouch, Step From Time, Renounce Religion


You were on level 4 of the Abyss.
You worshipped Cheibriados.
Cheibriados was exalted by your worship.
You were not hungry.

You visited 2 branches of the dungeon, and saw 18 of its levels.
You visited the Abyss 1 time.

You collected 1296 gold pieces.


   Skills:
 + Level 13.4 Fighting
 - Level 20.0 Axes
 + Level 11.2 Armour
 + Level 8.5 Dodging
   Level 3.2 Shields
 - Level 8.0 Invocations


You had 8 spell levels left.
You knew the following spells:

 Your Spells              Type           Power        Failure   Level  Hunger
a - Silence               Hex/Air        #.........   100%        5    ######.

Inventory:

Hand Weapons
 O - a +2 battleaxe of freezing (weapon)
 X - a +0 blowgun
Missiles
 a - 2 throwing nets (quivered)
 c - 7 curare-tipped needles
 y - 20 poisoned needles
Armour
 o - a +0 helmet (worn)
 t - a +1 cloak (worn)
 S - a +0 plate armour (worn)
 T - a +0 pair of gloves (worn)
Jewellery
 B - an uncursed ring of flight
 D - an uncursed ring of positive energy
 G - an uncursed ring of positive energy
 Q - a ring of resist corrosion (right hand)
 U - a +3 ring of strength (left hand)
 W - an amulet of regeneration (around neck)
Wands
 b - a wand of heal wounds (4/9)
 p - a wand of disintegration (12/24)
 q - a wand of digging (14/24)
 J - a wand of paralysis (15/24)
 R - a wand of iceblast (13/15)
 V - a wand of confusion (19/48)
 Z - a wand of iceblast (6/15)
Scrolls
 e - 5 scrolls of teleportation
 l - 8 scrolls of enchant armour
 m - 2 scrolls of enchant weapon
 r - 6 scrolls of immolation
 s - a scroll of holy word
 A - 8 scrolls of remove curse
 E - a scroll of blinking
 F - a scroll of fog
 I - 4 scrolls of recharging
 P - 4 scrolls of fear
Potions
 d - a potion of might
 h - 7 potions of curing
 k - 6 potions of heal wounds
 n - a potion of ambrosia
 u - a potion of magic
 v - 2 potions of invisibility
 w - a potion of resistance
 x - a potion of lignification {unknown}
 H - 2 potions of cancellation
 K - 2 potions of agility
Comestibles
 f - 10 bread rations
 g - 7 meat rations
 i - 2 fruits
 j - 3 beef jerkies
 C - 3 slices of pizza
 L - 5 royal jellies

Dungeon Overview and Level Annotations

Branches:
Dungeon (10/15)            Temple (0/1) D:7            Lair (8/8) D:9
 Shoals (0/4) Lair:6       Spider (0/4) Lair:5
  Slime: Lair:6-8       Orc: D:9-12

Altars:
Ashenzari
Cheibriados
Elyvilon
Kikubaaqudgha
Makhleb
Okawaru
Sif Muna
Trog

Shops:
D:10 [

Annotations:
Lair:5 Kirke


Message History

You slash the worldbinder! You freeze the worldbinder!
The worldbinder is heavily damaged.
The worldbinder hits you but does no damage.
The worldbinder completely misses you. The dire elephant zombie misses you.
The dire elephant zombie trunk-slaps you.
You hit the dire elephant zombie but do no damage.
You hit the worldbinder but do no damage.
The worldbinder is heavily damaged.
The worldbinder barely misses you. x2
You hit the worldbinder. You freeze the worldbinder.
The worldbinder is severely damaged.
You hit the dire elephant zombie but do no damage.
The worldbinder closely misses you. The worldbinder misses you.
The dire elephant zombie tramples you but does no damage.
The dire elephant zombie trunk-slaps you.
You slice the worldbinder!! You freeze the worldbinder.
You destroy the worldbinder!
Cheibriados appreciates the change of pace.
You hit the dire elephant zombie.
An ettin zombie comes into view.
The dire elephant zombie tramples you!
The dire elephant zombie trunk-slaps you but does no damage.
The dire elephant zombie tramples you!
The dire elephant zombie trunk-slaps you but does no damage.
All of the chunks of flesh in your inventory have rotted away.
You slice the dire elephant zombie!! You freeze the dire elephant zombie.
The dire elephant zombie tramples you but does no damage.
The dire elephant zombie trunk-slaps you.
You slice the dire elephant zombie!! You freeze the dire elephant zombie.
You hit the dire elephant zombie but do no damage.
The dire elephant zombie barely misses you.
The dire elephant zombie trunk-slaps you.
You slash the dire elephant zombie! You slash the dire elephant zombie!
The dire elephant zombie tramples you!!
You die...

.# ####### #.
##..#.. .### ..
#.....###.... .
..#....#...# #
#.....#....#..#
#.....#.%.Z....#
#. .# #...@#.
..? .
.#......###. #.
. ....Z#.## .#
..... #.. #
.###. #.#. #
Z.#.## .# . #..
. . ###. .. .#


You could see a dire elephant zombie and an ettin zombie.

Action                   |  1- 3 |  4- 6 |  7- 9 | 10-12 | 13-15 || total
-------------------------+-------+-------+-------+-------+-------++-------
Melee: War axe           |   115 |   271 |   232 |       |       ||   618
       Battleaxe         |       |       |    59 |   480 |   439 ||   978
Invok: Bend Time         |       |       |     1 |       |       ||     1
       Slouch            |       |       |       |     4 |     4 ||     8
Evoke: Wand              |       |     1 |     2 |       |       ||     3
  Use: Scroll            |       |     7 |     4 |     5 |     7 ||    23
       Potion            |       |       |       |       |     3 ||     3
  Eat: Chunk             |     1 |     7 |     7 |    15 |     8 ||    38

Notes
Turn   | Place    | Note
--------------------------------------------------------------
     0 | D:1      | Duffy the Hill Orc Fighter began the quest for the Orb.
     0 | D:1      | Reached XP level 1. HP: 19/19 MP: 1/1
    42 | D:1      | Reached skill level 3 in Axes
   165 | D:1      | Reached XP level 2. HP: 26/26 MP: 2/2
   448 | D:1      | Reached skill level 4 in Axes
   595 | D:1      | Reached XP level 3. HP: 31/31 MP: 3/3
   900 | D:1      | Reached skill level 5 in Axes
  1212 | D:2      | Reached XP level 4. HP: 39/39 MP: 4/4
  1399 | D:2      | Noticed Robin
  1462 | D:1      | Reached skill level 6 in Axes
  1780 | D:2      | Killed Robin
  1876 | D:2      | Found a snail-covered altar of Cheibriados.
  1881 | D:2      | Became a worshipper of Cheibriados the Contemplative
  2182 | D:2      | Noticed Crazy Yiuf
  2183 | D:2      | Noticed Crazy Yiuf
  2183 | D:2      | Crazy Yiuf changed into Crazy Yiuf the giant eyeball
  2187 | D:2      | Killed Crazy Yiuf the giant eyeball
  2187 | D:2      | Reached XP level 5. HP: 45/45 MP: 5/5
  2540 | D:3      | Reached * piety under Cheibriados
  2545 | D:3      | Reached skill level 7 in Axes
  3274 | D:4      | Reached skill level 8 in Axes
  3276 | D:4      | Reached XP level 6. HP: 39/51 MP: 6/6
  3366 | D:4      | Reached ** piety under Cheibriados
  3619 | D:4      | Reached skill level 9 in Axes
  4039 | D:5      | Entered Level 5 of the Dungeon
  4046 | D:5      | Reached XP level 7. HP: 48/57 MP: 7/7
  4805 | D:5      | Reached skill level 10 in Axes
  4933 | D:6      | Reached *** piety under Cheibriados
  5158 | D:6      | Reached skill level 11 in Axes
  5238 | D:6      | Reached skill level 4 in Fighting
  5238 | D:6      | Reached XP level 8. HP: 64/66 MP: 8/8
  5533 | D:6      | Reached skill level 5 in Fighting
  5593 | D:6      | Noticed Edmund
  5610 | D:6      | Killed Edmund
  6053 | D:6      | Found a snail-covered altar of Cheibriados.
  6060 | D:6      | Found an iron altar of Okawaru.
  6067 | D:6      | Found a bloodstained altar of Trog.
  6074 | D:6      | Found a shattered altar of Ashenzari.
  6081 | D:6      | Found a white marble altar of Elyvilon.
  6088 | D:6      | Found a deep blue altar of Sif Muna.
  6093 | D:6      | Found an ancient bone altar of Kikubaaqudgha.
  6407 | D:7      | Reached skill level 12 in Axes
  6513 | D:7      | Reached skill level 6 in Fighting
  6523 | D:7      | Reached **** piety under Cheibriados
  6675 | D:7      | Reached skill level 1 in Invocations
  6787 | D:7      | Reached skill level 2 in Invocations
  6796 | D:7      | Found a staircase to the Ecumenical Temple.
  6804 | D:7      | Reached XP level 9. HP: 77/77 MP: 10/10
  6810 | D:7      | Reached skill level 3 in Invocations
  6958 | D:7      | Reached skill level 13 in Axes
  6958 | D:7      | Reached skill level 4 in Invocations
  7457 | D:8      | Noticed a red ugly thing
  7468 | D:8      | Killed a red ugly thing
  7468 | D:8      | Reached skill level 6 in Invocations
  7832 | D:8      | Reached ***** piety under Cheibriados
  7901 | D:8      | Reached skill level 14 in Axes
  7931 | D:8      | Reached skill level 7 in Invocations
  7968 | D:8      | Noticed a two-headed ogre
  7971 | D:8      | Killed a two-headed ogre
  7971 | D:8      | Reached XP level 10. HP: 68/83 MP: 15/15
  7976 | D:8      | Reached skill level 8 in Invocations
  8118 | D:8      | Noticed Psyche
  8123 | D:8      | Killed Psyche
  8124 | D:8      | Reached skill level 1 in Dodging
  8244 | D:8      | Reached skill level 7 in Fighting
  8450 | D:9      | Reached skill level 4 in Armour
  8655 | D:9      | Reached skill level 15 in Axes
  8655 | D:9      | Reached skill level 2 in Dodging
  8989 | D:9      | Reached skill level 5 in Armour
  8990 | D:9      | Reached skill level 8 in Fighting
  9462 | D:9      | Reached skill level 3 in Dodging
  9522 | D:9      | Reached XP level 11. HP: 74/93 MP: 17/17
  9602 | D:10     | Entered Level 10 of the Dungeon
  9740 | D:10     | Reached ****** piety under Cheibriados
  9781 | D:10     | Paralysed by a wasp for 3 turns
  9970 | D:10     | Noticed a hill giant
  9973 | D:10     | Killed a hill giant
 10230 | D:10     | Reached skill level 16 in Axes
 10498 | D:10     | Found Jasoggod's Armour Shoppe.
 10503 | D:10     | Reached skill level 6 in Armour
 10696 | D:9      | Reached skill level 9 in Fighting
 10709 | D:9      | Reached skill level 4 in Dodging
 10774 | D:9      | Found a staircase to the Lair.
 11675 | Lair:1   | Entered Level 1 of the Lair of Beasts
 12435 | Lair:1   | Noticed a six-headed hydra
 12442 | Lair:1   | Killed an 11-headed hydra
 12521 | Lair:2   | Noticed Harold
 12535 | Lair:2   | Killed Harold
 12535 | Lair:2   | Reached skill level 17 in Axes
 12535 | Lair:2   | Reached skill level 7 in Armour
 12755 | Lair:2   | Reached XP level 12. HP: 101/105 MP: 18/18
 12771 | Lair:2   | Learned a level 5 spell: Silence
 12808 | Lair:2   | Reached skill level 5 in Dodging
 12825 | Lair:2   | Noticed a seven-headed hydra
 12832 | Lair:2   | Killed an 11-headed hydra
 13172 | Lair:2   | Noticed an eight-headed hydra
 13181 | Lair:2   | Killed a 15-headed hydra
 13181 | Lair:2   | Reached skill level 10 in Fighting
 13767 | Lair:3   | Found a burning altar of Makhleb.
 13997 | Lair:3   | Noticed Sonja
 13998 | Lair:3   | Killed Sonja
 14608 | Lair:4   | Reached skill level 8 in Armour
 14626 | Lair:4   | Noticed a five-headed hydra
 14632 | Lair:4   | Reached skill level 18 in Axes
 14637 | Lair:4   | Killed an eight-headed hydra
 15064 | Lair:4   | Reached skill level 6 in Dodging
 15219 | Lair:4   | Reached skill level 11 in Fighting
 15518 | Lair:4   | Reached XP level 13. HP: 115/115 MP: 19/19
 16190 | Lair:5   | Found a hole to the Spider Nest.
 16636 | Lair:5   | Reached skill level 19 in Axes
 16718 | Lair:5   | Noticed Kirke
 16836 | Lair:6   | Found a staircase to the Shoals.
 16986 | Lair:6   | Reached skill level 20 in Axes
 17233 | Lair:6   | Reached skill level 9 in Armour
 17838 | Lair:7   | Reached skill level 7 in Dodging
 17968 | Lair:7   | Reached skill level 12 in Fighting
 18307 | Lair:7   | Reached XP level 14. HP: 125/125 MP: 20/20
 18382 | Lair:7   | Reached skill level 10 in Armour
 18624 | Lair:8   | Entered Level 8 of the Lair of Beasts
 18765 | Lair:8   | Reached skill level 8 in Dodging
 18827 | Lair:8   | Reached skill level 13 in Fighting
 18991 | Lair:8   | Reached skill level 11 in Armour
 19088 | Lair:8   | Cast into level 3 of the Abyss (a Zot trap)
 19188 | Abyss:4  | Paralysed by you for 5 turns
 19225 | Abyss:4  | Mangled by a dire elephant zombie

Vault maps used:
D:1:      dpeg_arrival_three_smaller_balls, glass_columns_a
D:2:      cheibriados_altar_1, uniq_robin, uniq_crazy_yiuf_cottage
D:3:      hex_tiny, minmay_close_crescents
D:4:      first_bread
D:6:      grunt_temple_overflow_octagram, minivault_14, uniq_edmund
D:7:      temple_green
D:8:      kennysheep_blocky_room, uniq_psyche
D:9:      erik_lair_island
D:10:     serial_shops, shop
Lair:1:   small_statue_intersection
Lair:2:   uniq_harold
Lair:3:   basic_altar, uniq_sonja
Lair:4:   beast_lair_carwin_large_2, minivault_24, worms_lemuel
Lair:5:   spider_nest_entry_web_field, serial_bayou_shore_a, uniq_nessos,
          uniq_kirke
Lair:6:   shoals_dummy_entry
Lair:7:   beast_lair_carwin_10
Lair:8:   evil_forest, slime_altar_2, zaba_anthell, grunt_megastairs_3,
          uniq_maud
Abyss:4:  minivault_1, due_abyss_rune

Vanquished Creatures
  Harold
  7 hydras
  A catoblepas
  A queen ant
  3 death yaks Sonja
  A fire crab
  A hill giant
  An ugly thing
  3 griffons
  A worldbinder
  5 black mambas
  6 elephants
  An apocalypse crab
  9 spiny frogs Psyche
  11 komodo dragons
  A fire drake
  A hellwing
  2 trolls
  An ancient zyme
  A polar bear
  4 two-headed ogres
  8 blink frogs
  A steam dragon
  57 yaks
  4 hogs
  6 basilisks
  A hungry ghost
  6 hippogriffs
  19 wolves Edmund
  9 porcupines
  10 swamp worms
  15 water moccasins
  11 soldier ants
  3 sky beasts
  4 ice beasts
  4 orc warriors
  A black bear
  A necrophage
  A wasp
  3 phantoms
  3 centaurs
  3 ogres
  11 crocodiles
  3 big kobolds
  14 giant frogs
  A water moccasin zombie
  A wyvern zombie
  5 scorpions
  3 killer bees
  5 wights
  3 electric eels
  A centaur zombie
  2 giant frog zombies
  11 hounds
  3 jellies
  A quasit
  A centaur skeleton
  2 giant frog skeletons
  2 orc priests
  6 orc wizards
  4 iguanas
  40 worker ants
  34 sheep
  2 hound skeletons Robin
  3 worker ant zombies
  21 adders
  9 gnolls
  62 river rats
  A giant eyeball
  An ooze
  12 worms
  9 giant geckos
  29 orcs
  5 ball pythons
  5 bats
  5 giant cockroaches
  14 goblins
  8 hobgoblins
  9 jackals
  7 quokkas
  A giant gecko zombie
  2 giant newts
  2 jackal zombies
  22 kobolds
  A quokka zombie
  13 rats
  21 fungi
  15 plants
668 creatures vanquished.
